 Dungeon Crawl Stone Soup version 0.25-a0-185-g6cfeca75b2 (webtiles) character file.

Game seed: 17504725364114414022, levelgen mode: deterministic

0 MrRokkomies the Skirmisher (level 1, -4/19 HPs)
             Began as a Ghoul Abyssal Knight on Nov 28, 2019.
             Was a Follower of Lugonu.
             Slain by a sixfirhy (11 damage)
             ... on level 1 of the Abyss.
             The game lasted 00:00:13 (49 turns).

MrRokkomies the Skirmisher (Ghoul Abyssal Knight)     Turns: 49, Time: 00:00:14

Health: -4/19      AC:  3    Str: 15    XL:     1   Next: 0%
Magic:  1/1        EV: 11    Int:  7    God:    Lugonu [*.....]
Gold:   10         SH:  0    Dex:  8    Spells: 0/0 levels left

rFire    . . .     SeeInvis .   a - +1 mace
rCold    + . .     Gourm    .   (no shield)
rNeg     + + +     Faith    .   b - +0 leather armour
rPois    ∞         Spirit   .   (no helmet)
rElec    .         Reflect  .   (no cloak)
rCorr    .         Harm     .   (no gloves)
MR       .....                  (no boots)
Stlth    +.........             (no amulet)
HPRegen  0.00/turn              (no ring)
MPRegen  0.07/turn              (no ring)

@: rotting
A: rotting body, claws 1, carnivore, cold resistance 1, negative energy
resistance 3, inhibited regeneration, torment resistance, unbreathing
a: Depart the Abyss, Renounce Religion


You were on level 1 of the Abyss.
You worshipped Lugonu.
Lugonu was aware of your devotion.
You were not hungry.

You visited 0 branches of the dungeon, and saw 0 of its levels.
You visited the Abyss 1 time.

You collected 10 gold pieces.

Inventory:

Hand Weapons
 a - a +1 mace (weapon)
Armour
 b - a +0 leather armour (worn)
 e - a +0 ring mail
Potions
 d - a potion of degeneration {unknown}
Comestibles
 c - a ration


   Skills:
 + Level 3.2 Fighting
 + Level 1.7 Maces & Flails
 + Level 1.7 Armour
 + Level 0.8 Dodging
 + Level 2.0 Invocations


You couldn't memorise any spells.
You didn't know any spells.
Your spell library was empty.

Dungeon Overview and Level Annotations

Branches:
Dungeon (0/15)

Altars:


Innate Abilities, Weirdness & Mutations

Your body is rotting away.
You thrive on raw meat.
You are immune to poison.
You have sharp fingernails.
You are carnivorous and can eat meat at any time.
Your flesh is cold resistant. (rC+)
You are immune to negative energy. (rN+++)
You do not regenerate when monsters are visible.
You are immune to unholy pain and torment.
You can survive without breathing.


Message History

The blink frog croaks. x2
The blink frog blinks!
The starspawn tentacle barely misses you. x2
The starspawn tentacle grabs you. The starspawn tentacle constricts you.
The starspawn tentacle's grasp on you weakens, but your attempt to escape fails.
The blink frog blinks!
The starspawn tentacle loses its grip on you.
The tentacle pulls you backwards!
A blink frog comes into view.
The starspawn tentacle misses you.
The blink frog gives a loud, deep croak!
You hear a croak.
The blink frog hits you.
A blink frog comes into view.
The starspawn tentacle barely misses you.
The sixfirhy barely misses you. The sixfirhy closely misses you.
The blink frog blinks! x2
The sixfirhy hits you. The sixfirhy shocks you!
Ouch! That really hurt!
You die...

#..##..##F.###
....##..##x.##.
#.......Λ.....
#....../5....#
#..##Fw##..##..
#..##..##.F###.#
#.#...§........#..
#.....3.......#
##..##@.##..##.
#.. #..# ..# #.
..... ... .
........... .#
.##..##..### ..
#..# ..# #. ....
... . .... ..


You could see a sixfirhy, 2 blink frogs and a starspawn tentacle.

Vanquished Creatures (others)
  2 starspawn tentacles (Abyss:1)
2 creatures vanquished.

Notes
Turn   | Place    | Note
-------+----------+-------------------------------------------
     0 | Abyss:1  | MrRokkomies the Ghoul Abyssal Knight began the quest for
                  | the Orb.
     0 | Abyss:1  | Reached XP level 1. HP: 19/19 MP: 1/1
    34 | Abyss:1  | Noticed a small abomination
    35 | Abyss:1  | Noticed a quasit
    35 | Abyss:1  | Noticed a tentacled starspawn
    37 | Abyss:1  | Noticed a sixfirhy
    39 | Abyss:1  | Noticed a large abomination
    42 | Abyss:1  | Noticed a blink frog
    42 | Abyss:1  | Noticed a blink frog
    46 | Abyss:1  | Noticed a blink frog
    47 | Abyss:1  | Noticed a blink frog
    49 | Abyss:1  | Slain by a sixfirhy

Levels and vault maps discovered:
Abyss:1:  hangedman_abyss_overflow_altar, hangedman_abyss_lost_library

Action                   || total
-------------------------++-------
Armor: Leather armour    ||     2
Dodge: Dodged            ||    11

Table legend:
 A = Non-vault XP
 B = Vault XP
 C = Vault XP percentage of total XP
 D = Non-vault monster count
 E = Vault monster count
 F = Vault count percentage of total count
                 A         B        C        D         E       F
            +---------+---------+-------+---------+---------+-------
      Total |       0 |       0 |   N/A |       0 |       0 |  -nan
            +---------+---------+-------+---------+---------+-------
            +---------+---------+-------+---------+---------+-------
